 Dungeon Crawl Stone Soup version 0.29-a0-352-g0917bc69df (webtiles) character file.

Game seed: 13471663358043941630

599 siradein the Ducker (level 7, -11/70 HPs)
             Began as a Troll Fighter on Apr 25, 2022.
             Was an Initiate of Jiyva.
             Mangled by a two-headed ogre
             ... wielding a +0 giant spiked club
              (13 damage)
             ... on level 5 of the Dungeon.
             The game lasted 00:12:16 (3867 turns).

siradein the Ducker (Troll Fighter)                 Turns: 3867, Time: 00:12:17

Health: -11/70     AC:  5    Str: 27    XL:     7   Next: 17%
Magic:  2/2        EV:  7    Int:  7    God:    Jiyva [......]
Gold:   316        SH: 11    Dex:  9    Spells: 6/6 levels left

rFire   . . .      SeeInvis +   g - +8 broad axe of the Shouting Hero {antimagic, Int+3}
rCold   . . .      Faith    .   r - +0 tower shield
rNeg    . . .      Spirit   .   b - +0 robe
rPois   .          Reflect  .   (helmet restricted)
rElec   .          Harm     .   q - +0 cloak
rCorr   .          Rampage  .   (gloves unavailable)
Will    .....                   (boots unavailable)
Stlth   +.........              a - amulet of magic regeneration
HPRegen 1.01/turn               t - ring of see invisible
MPRegen 0.48/turn               (no ring)

@: no status effects
A: large, unfitting armour, claws 3, regeneration 1, shaggy fur 1, tough skin 1
a: Renounce Religion


You were on level 5 of the Dungeon.
You worshipped Jiyva.
Jiyva was noncommittal.
You visited 2 branches of the dungeon, and saw 6 of its levels.

You collected 316 gold pieces.

Inventory:

Hand Weapons
 g - the +8 broad axe of the Shouting Hero (weapon) {antimagic, Int+3}
   (You acquired it on level 4 of the Dungeon)

   It reduces the magical energy of the wielder, and disrupts the spells and
   magical abilities of those it strikes.
   Natural abilities and divine invocations are not affected.
   Int:       It affects your intelligence (+3).
Missiles
 o - 114 stones (quivered)
Armour
 b - a +0 robe (worn)
 q - a +0 cloak (worn)
 r - a +0 tower shield (worn)
Jewellery
 a - an amulet of magic regeneration (around neck)
 t - a ring of see invisible (left claw)
Scrolls
 e - 2 scrolls of amnesia
 f - 5 scrolls of teleportation
 i - a scroll of blinking
 k - a scroll of magic mapping {unknown}
 n - a scroll of summoning {unknown}
 s - a scroll of vulnerability {unknown}
Potions
 c - a potion of berserk rage
 d - 2 potions of might
 h - a potion of mutation {unknown}
 j - 2 potions of heal wounds
 m - a potion of lignification
 p - a potion of curing


   Skills:
 + Level 4.0 Fighting
 + Level 3.5 Axes
 + Level 4.0 Dodging
 + Level 4.0 Shields


You had 6 spell levels left.
You didn't know any spells.
Your spell library contained the following spells:

 Spells                   Type           Power      Damage    Failure   Level
 Animate Skeleton         Necr           0%         N/A       97%         1
 Apportation              Tloc           0%         N/A       97%         1
 Summon Small Mammal      Summ           0%         N/A       97%         1


Dungeon Overview and Level Annotations

Branches:
Dungeon (5/15)             Temple (1/1) D:4

Altars:
Cheibriados
Elyvilon
Kikubaaqudgha
Trog
Uskayaw
Yredelemnul
Jiyva

Annotations:
D:5 Blork the orc, Pikel


Innate Abilities, Weirdness & Mutations

You are too large for most types of armour.
You have claws for hands.
Your natural rate of healing is unusually fast.
You are covered in fur. (AC +1)
You have tough skin. (AC +1)


Message History

The necrophage is heavily damaged.
Your surroundings suddenly seem different.
Found 26 gold pieces and a scroll of identify.
No target in view!
No target in view!
No target in view!
Unknown command.
You now have 316 gold pieces (gained 10).
The sentinel's mark upon you fades away.
A two-headed ogre comes into view.
It is wielding a +0 giant spiked club and a +0 giant club.
An iguana comes into view.
You barely miss the iguana.
The iguana hisses angrily.
The iguana bites you!
The hound barks!
The iguana bites you! The iguana bites you! You block the hound's attack.
The hound bites you but does no damage.
The hound pauses to sniff the ground.
You barely miss the two-headed ogre.
The two-headed ogre hits you with a +0 giant spiked club!
You block the two-headed ogre's attack.
The two-headed ogre hits you with a +0 giant spiked club!!
The two-headed ogre closely misses you.
You are too injured to fight recklessly!
You are too injured to fight recklessly!
Unknown command.
Found 7 gold pieces.
You see here 7 gold pieces.
You barely miss the two-headed ogre.
The two-headed ogre hits you with a +0 giant spiked club!
You block the two-headed ogre's attack.
You slash the two-headed ogre!
The two-headed ogre is lightly wounded.
The two-headed ogre hits you with a +0 giant spiked club!
The two-headed ogre hits you with a +0 giant club!!
The two-headed ogre hits you with a +0 giant spiked club!!
* * * LOW HITPOINT WARNING * * *
The two-headed ogre hits you with a +0 giant club!
You die...

#..##.# #l#
.#####..##.# #.#
...........#
#######.#
..####hO####
#.h.l.h.# ........#
#.####### ..####..#
#.# ........# ##.##
..#####.#######...#
#...@Olh....#
#########...# #####


You could see a two-headed ogre, an iguana and a hound.

Vanquished Creatures
  Menkaure (D:4)
  A phantom (D:5)
  A necrophage (D:4)
  A scorpion (D:4)
  A hound (D:4)
  2 orc priests
  2 iguanas
  5 adders
  3 worms
  5 dart slugs
  10 orcs
  7 endoplasms
  A giant cockroach (D:4)
  3 goblins
  8 hobgoblins
  A jackal (D:3)
  13 kobolds
  3 quokkas
  8 ball pythons
  3 bats
  3 frilled lizards
  7 rats
89 creatures vanquished.

Vanquished Creatures (others)
  A jelly (D:5)
  A butterfly (D:4)
2 creatures vanquished.

Grand Total: 91 creatures vanquished

Notes
Turn   | Place    | Note
-------+----------+-------------------------------------------
     0 | D:1      | siradein the Troll Fighter began the quest for the Orb.
     0 | D:1      | Reached XP level 1. HP: 22/22 MP: 0/0
   199 | D:1      | Reached XP level 2. HP: 8/29 MP: 1/1
   689 | D:1      | Found a faded altar of an unknown god.
   859 | D:2      | Reached XP level 3. HP: 36/36 MP: 2/2
  1669 | D:2      | Reached XP level 4. HP: 25/44 MP: 3/3
  1914 | D:2      | Identified the +5 ring mail "Afop" {rN+ rCorr Dex+2 Slay-3}
  2072 | D:3      | Found a hide-covered altar of Uskayaw.
  2620 | D:3      | Found a bloodstained altar of Trog.
  2676 | D:4      | Noticed a scorpion
  2726 | D:3      | Reached XP level 5. HP: 53/53 MP: 4/4
  2748 | D:4      | Found a white marble altar of Elyvilon.
  2753 | D:4      | Noticed Menkaure
  2776 | D:4      | Killed Menkaure
  2839 | D:4      | Identified a scroll of acquirement
  2840 | D:4      | Acquired the +8 broad axe of the Shouting Hero {antimagic,
                  | Int+3}
  2929 | D:4      | Reached XP level 6. HP: 57/61 MP: 1/5
  3163 | D:4      | Found a staircase to the Ecumenical Temple.
  3331 | Temple   | Entered the Ecumenical Temple
  3343 | Temple   | Became a worshipper of Jiyva Jien the Shapeless
  3712 | D:5      | Entered Level 5 of the Dungeon
  3747 | D:5      | Noticed Blork the orc
  3761 | D:5      | Noticed Pikel
  3763 | D:5      | Reached XP level 7. HP: 62/70 MP: 2/6
  3782 | D:5      | Noticed a two-headed ogre
  3867 | D:5      | HP: 2/70 [two-headed ogre/+0 giant spiked club (20)]
  3867 | D:5      | Mangled by a two-headed ogre

Illustrated notes

Levels and vault maps discovered:
D:1:      evilmike_arrival_hilbert_curve, layout_basic,
          shapermc_ecumenical_altar_petra
D:2:      wad_crossroads, layout_basic
D:3:      layout_rooms, amcnicky_altar_gilded, mainiacjoe_overflow_alcove_4,
          minmay_vboxes
D:4:      layout_cave_pods, nicolae_elyvilon_peaceful_grove,
          minmay_temple_entry_tees, uniq_menkaure
D:5:      layout_loops_ring, zin_statuary, kennysheep_little_box,
          ashenzari_conservatory_becter, old_standard_altar,
          nicolae_tso_swordbearing_angel, uniq_pikel, uniq_blork_the_orc,
          uniq_duvessa, uniq_crazy_yiuf_cottage
Temple:   pf_slime_end_temple

Skill      XL: |  1  2  3  4  5  6 |
---------------+-------------------+-----
Axes           | 2 3 |  3.5
Fighting       | 3 4 |  4.0
Shields        | 3 4 |  4.0
Dodging        | 3 4 |  4.0

Action                   |  1- 3 |  4- 6 |  7- 9 || total
-------------------------+-------+-------+-------++-------
Melee: War axe           |   119 |    68 |       ||   187
       Broad axe         |       |    41 |     7 ||    48
Throw: Stone             |     2 |     1 |       ||     3
  Use: Scroll            |     1 |    10 |     1 ||    12
Armor: Robe              |    38 |    28 |     2 ||    68
Dodge: Dodged            |    49 |    33 |     5 ||    87
Block: Kite shield       |    36 |     6 |       ||    42
       Tower shield      |       |    60 |     6 ||    66

Table legend: (Time is in decaauts)
 A = Elapsed time spent in this place.
 B = Non-inter-level travel time spent in this place.
 C = Inter-level travel time spent in this place.
 D = Time resting spent in this place.
 E = Time spent auto-exploring this place.
 F = Levels seen in this place.
 G = Mean time per level.
                   A        B        C        D        E       F      G
               +--------+--------+--------+--------+--------+-----+--------+
         Total |   4011 |   3838 |    173 |    109 |   2774 |   6 |  668.5 |
       Dungeon |   3986 |   3814 |    172 |    109 |   2771 |   5 |  797.2 |
        Temple |     24 |     24 |      0 |      0 |      3 |   1 |   24.0 |
               +--------+--------+--------+--------+--------+-----+--------+

Top non-repeatable levels by time:
     D:2: 1228 daAuts
     D:4: 983 daAuts
     D:1: 838 daAuts
     D:3: 765 daAuts
     D:5: 171 daAuts
  Temple: 24 daAuts
